Map: Equilibrium LE

Players

Soon - Winner!

  • Race: Terran Terran
  • League: Grandmaster
  • Spawn Location: 1:00

VOD

Have the link to the VOD?

Description

Time

  • Played on: Feb. 14, 2024, 4:58 p.m.
  • Length: 7:46
Show
View Real Time Build Order
Export as new Build Order

Soon Terran - Winner!

Build Orders: Cyclone Opening 

Get SALT Encoding   

  12  0:02  SCV  
  12  0:14  SCV  
  12  0:19  Supply Depot  
  12  0:26  SCV  
  12  0:40  Barracks, SCV  
  12  0:44  Refinery  
  12  0:52  SCV  
  12  1:04  SCV  
  12  1:16  SCV  
  12  1:27  Marine  
  12  1:28  Orbital Command  
  12  1:39  Command Center  
  12  1:51  Factory  
  12  1:54  SCV  
  12  2:03  Barracks Reactor  
  12  2:06  Supply Depot, SCV  
  12  2:16  Refinery  
  12  2:18  SCV  
  12  2:30  SCV  
  12  2:42  SCV  
  12  2:45  Cyclone x2  
  12  2:46  Barracks Tech Lab  
  12  2:57  SCV  
  12  3:02  Command Center  
  12  3:11  Orbital Command  
  12  3:15  SCV  
  12  3:21  Cyclone  
  12  3:26  Cyclone  
  12  3:29  SCV  
  12  3:35  Stimpack  
  12  3:39  SCV  
  12  3:41  SCV  
  12  3:45  Barracks  
  12  3:52  SCV  
  12  3:53  SCV  
  12  3:54  Cyclone  
  12  3:58  Cyclone  
  12  4:04  SCV  
  12  4:06  SCV  
  12  4:08  Barracks  
  12  4:15  Orbital Command  
  12  4:16  SCV  
  12  4:18  SCV  
  12  4:28  SCV  
  12  4:29  Starport  
  12  4:30  SCV  
  12  4:37  Engineering Bay  
  12  4:38  Engineering Bay  
  12  4:39  Factory Tech Lab  
  12  4:40  SCV  
  12  4:41  SCV  
  12  4:44  Refinery  
  12  4:46  Marine x2, Refinery  
  12  4:50  Marauder  
  12  4:51  SCV  
  12  4:53  SCV  
  12  5:01  SCV  
  12  5:03  Terran Infantry Weapons Level 1  
  12  5:04  Terran Infantry Armor Level 1  
  12  5:05  SCV x2  
  12  5:09  Starport Reactor, Factory Reactor  
  12  5:19  Supply Depot x2  
  12  5:25  Orbital Command  
  12  5:29  Combat Shield, Concussive Shells  
  12  5:30  Barracks x2  
  12  5:40  Marine x3  
  12  5:41  Supply Depot, Marauder, SCV x2  
  12  5:42  Supply Depot  
  12  5:44  Supply Depot  
  12  5:47  Medivac  
  12  5:49  Medivac  
  12  5:53  SCV x3  
  12  5:58  Factory Tech Lab  
  12  6:02  Marine, Marauder  
  12  6:03  Marine  
  12  6:05  Supply Depot x2, SCV  
  12  6:06  SCV  
  12  6:07  SCV  
  12  6:11  Armory  
  12  6:17  Marauder  
  12  6:21  Medivac  
  12  6:22  Medivac  
  12  6:23  Factory Reactor  
  12  6:24  SCV, Marauder  
  12  6:25  SCV  
  12  6:30  Marine x3  
  12  6:31  Marine  
  12  6:35  SCV  
  12  6:37  Supply Depot  
  12  6:38  Supply Depot, Marauder  
  12  6:41  Marauder  
  12  6:42  SCV  
  12  6:43  SCV  
  12  6:44  Marine  
  12  6:47  SCV  
  12  6:48  Marine  
  12  6:50  Marine x3  
  12  6:54  SCV  
  12  6:55  SCV  
  12  6:59  Marauder  
  12  7:02  Refinery  
  12  7:05  Marine, Refinery  
  12  7:06  Marauder  
  12  7:09  SCV x2  
  12  7:12  SCV, Supply Depot  
  12  7:17  Supply Depot, Marine x3  
  12  7:22  SCV x2  
  12  7:26  SCV  
  12  7:35  Supply Depot  
  12  7:40  Supply Depot  
  12  7:42  Ghost Academy  
  12  7:43  Starport  
Tags
 
Add a new tag
Caveats
  • Supply blocks, unpowered buildings, or Contaminate may cause inaccurate times.
  • Supply counts are checked every 10 seconds.